Lightning vs Canucks
Created - November 16, 2023 at 21:32
Goals
|
| Lightning |
2 |
1 |
1 |
4 |
| Canucks |
1 |
1 |
3 |
5 |
|
Shots
|
| Lightning |
12 |
11 |
14 |
37 |
| Canucks |
9 |
13 |
12 |
34 |
|
1st period
1. Lightning , Sam Bennett 5 (Shayne Gostisbehere 7, Jimmy Vesey 5) at 5:34
2. Canucks , J.T. Miller 7 (Alexander Kerfoot 11, Denis Gurianov 3) at 7:33
3. Lightning , Anthony Cirelli 2 (Jack Roslovic 11, Shayne Gostisbehere 8) at 13:34
Penalties :
No Penalty
2nd period
4. Canucks , Denis Gurianov 5 (Alexander Kerfoot 12, J.T. Miller 9) at 4:51
5. Lightning , Kasperi Kapanen 4 (Yanni Gourde 11, Brendan Lemieux 5) at 8:06
Penalties :
Oliver Ekman-Larsson (Van) for Hooking (Minor) at 8:09, Ilya Kovalchuk (Van) for Hooking (Minor) at 14:06
3rd period
6. Canucks , J.T. Miller 8 (Alexander Kerfoot 13, Denis Gurianov 4) at 2:47 (PP)
7. Canucks , J.T. Miller 9 (Denis Gurianov 5) at 2:59
8. Lightning , Jakob Chychrun 1 (Jimmy Vesey 6, Tyler Kennedy 3) at 5:25
9. Canucks , J.T. Miller 10 (Alexander Kerfoot 14) at 10:15
Penalties :
John Carlson (T.B) for High sticking (Minor) at 2:31, Tony DeAngelo (Van) for High sticking (Minor) at 3:16, Brock Boeser (T.B) for Interference (Minor) at 8:28, Robert Nilsson (Van) for Holding Stick (Minor) at 9:54, Brock Boeser (T.B) for Holding (Minor) at 12:47
Goalie Stats
Alex Nedeljkovic (T.B), 29 saves from 34 shots - (0.853), L, 7-5-0, 60:00 minutes
Petr Mrazek (Van), 33 saves from 37 shots - (0.892), W, 7-5-1, 60:00 minutes
Players Stats for Lightning
Player Name G A P +/- PIM S H SB GA TA FO MP PP MP PK MP
------------------------------------------------------------------------------------
Alex Killorn 0 0 0 0 0 1 0 0 0 0 0/0 7:43 0:21 0:25
Anthony Cirelli 1 0 1 1 0 2 0 0 0 0 0/0 16:41 3:33 0:00
Brendan Lemieux 0 1 1 -2 0 3 0 1 0 0 0/0 22:54 3:17 2:13
Brock Boeser 0 0 0 1 4 0 1 0 1 1 0/0 16:52 3:45 0:00
Jack Roslovic 0 1 1 1 0 4 1 0 0 1 5/8 17:27 3:33 0:45
Jakob Chychrun 1 0 1 -1 0 1 1 0 0 0 0/0 22:43 4:40 0:16
Jesper Fast 0 0 0 0 0 1 0 0 0 0 0/0 7:27 0:31 0:00
Jimmy Vesey 0 2 2 2 0 0 0 0 0 0 0/0 10:54 0:00 0:00
John Carlson 0 0 0 -1 2 4 1 0 3 0 0/0 26:38 4:40 1:40
Kasperi Kapanen 1 0 1 -3 0 4 2 0 1 1 1/2 21:16 3:19 0:00
Michael Kostka 0 0 0 -1 0 2 0 2 0 0 0/0 14:44 0:00 1:56
Noah Hanifin 0 0 0 2 0 0 0 0 0 1 0/0 15:48 0:00 0:00
Patrice Bergeron 0 0 0 0 0 0 0 0 0 0 2/2 6:56 0:00 0:00
Sam Bennett 1 0 1 2 0 2 5 0 1 1 5/6 12:33 0:36 1:03
Shayne Gostisbehere 0 2 2 2 0 6 1 1 0 1 0/0 22:29 2:43 1:45
Tyler Kennedy 0 1 1 2 0 2 1 0 0 0 0/0 11:57 0:00 1:03
Victor Hedman 0 0 0 -1 0 0 0 0 0 0 0/0 17:37 2:43 1:45
Yanni Gourde 0 1 1 -3 0 5 2 1 0 0 20/38 23:04 3:14 1:53
Players Stats for Canucks
Player Name G A P +/- PIM S H SB GA TA FO MP PP MP PK MP
------------------------------------------------------------------------------------
Alex Tuch 0 0 0 -2 0 0 1 0 1 0 0/0 15:13 1:23 0:00
Alexander Kerfoot 0 4 4 3 0 2 5 0 0 1 14/34 22:58 2:18 4:00
Brent Seabrook 0 0 0 -2 0 0 1 2 0 0 0/0 15:51 0:00 3:54
Chris Bourque 0 0 0 0 0 6 0 0 0 0 0/0 11:41 0:00 1:18
Denis Gurianov 1 3 4 2 0 2 2 0 1 1 0/0 19:54 2:18 0:00
Derek Roy 0 0 0 0 0 1 1 0 1 1 2/3 7:41 0:00 0:33
Gilbert Brule 0 0 0 -1 0 0 1 0 0 0 2/5 12:07 0:00 1:40
Ilya Kovalchuk 0 0 0 0 2 1 1 0 0 0 0/0 11:29 0:00 1:30
J.T. Miller 4 1 5 2 0 8 0 1 2 0 1/1 24:44 2:18 4:09
Jeremy Morin 0 0 0 -2 0 3 0 0 1 1 0/0 15:18 1:23 0:00
Lawson Crouse 0 0 0 0 0 0 1 0 0 0 0/0 6:58 0:00 0:00
Oliver Ekman-Larsson 0 0 0 2 2 3 0 3 0 0 0/0 27:21 2:33 3:10
PK Subban 0 0 0 -1 0 2 1 1 0 0 0/0 14:00 1:08 1:23
Robert Nilsson 0 0 0 -2 2 3 4 0 0 0 4/13 17:49 1:22 1:36
Teemu Hartikainen 0 0 0 0 0 0 2 0 0 0 0/0 6:58 0:00 0:00
Tony DeAngelo 0 0 0 1 2 1 3 2 0 1 0/0 25:53 2:33 2:00
Travis Hamonic 0 0 0 -1 0 0 1 1 0 0 0/0 16:11 1:08 0:00
Tyler Myers 0 0 0 0 0 2 0 2 0 1 0/0 19:54 0:00 4:19
3 Stars
1 - J.T. Miller (Van)
2 - Alexander Kerfoot (Van)
3 - Denis Gurianov (Van)
Power Play
Lightning - 0 on 4 Attempt(s) - 0.00%
Canucks - 1 on 3 Attempt(s) - 33.33%
Penalty Kill
Lightning - 2 on 3 Attempt(s) - 66.67%
- Score 0 goal in Penalty Kill
Canucks - 4 on 4 Attempt(s) - 100.00%
- Score 0 goal in Penalty Kill
Team Stat
Lightning - Hits : 15 - Faceoff Wins : 33 - Blocked Shots : 5 - Penalty Minutes : 6
Canucks - Hits : 24 - Faceoff Wins : 23 - Blocked Shots : 12 - Penalty Minutes : 8
Official
Referees : Frederick L'Ecuyer and Jacob Brenk
Linesman : Tony Sericolo and Travis Gawryletz
Game Notes
J.T. Miller has scored a Hat Trick!
Finance
Level 1 -- Attendance: 5323 (88.72%) -- Ticket Income $532,300
Level 2 -- Attendance: 5000 (100.00%) -- Ticket Income $300,000
Level 3 -- Attendance: 2000 (100.00%) -- Ticket Income $70,000
Level 4 -- Attendance: 4000 (100.00%) -- Ticket Income $100,000
Luxury Box -- Attendance: 984 (98.40%) -- Ticket Income $196,800
Game was played at the Rodgers Arena.
Total Attendance: 17307 (96.15%)
Total Ticket Income: $1,199,100
Other Income: $179,865
Total Income: $1,378,965
Lightning
5 vs 5 Forward
Center Left Wing Right Wing Time % Phy DF OF
1 Yanni Gourde Brendan Lemieux Kasperi Kapanen 40 1 2 2
2 Jack Roslovic Anthony Cirelli Brock Boeser 30 1 2 2
3 Sam Bennett Jimmy Vesey Tyler Kennedy 20 1 2 2
4 Patrice Bergeron Alex Killorn Jesper Fast 10 1 2 2
5 vs 5 Defense
Defense Defense Time % Phy DF OF
1 John Carlson Jakob Chychrun 40 1 2 2
2 Noah Hanifin Shayne Gostisbehere 30 1 2 2
3 Victor Hedman Michael Kostka 20 1 2 2
4 John Carlson Shayne Gostisbehere 10 1 2 2
PowerPlay Forward
Center Left Wing Right Wing Time % Phy DF OF
1 Yanni Gourde Brendan Lemieux Kasperi Kapanen 60 1 2 2
2 Jack Roslovic Anthony Cirelli Brock Boeser 40 1 2 2
PowerPlay Defense
Defense Defense Time % Phy DF OF
1 John Carlson Jakob Chychrun 60 1 2 2
2 Victor Hedman Shayne Gostisbehere 40 1 2 2
Penalty Kill 4 Players Forward
Center Wing Time % Phy DF OF
1 Yanni Gourde Brendan Lemieux 60 1 2 2
2 Sam Bennett Tyler Kennedy 40 1 2 2
Penalty Kill 4 Players Defense
Defense Defense Time % Phy DF OF
1 John Carlson Michael Kostka 60 1 2 2
2 Victor Hedman Shayne Gostisbehere 40 1 2 2
Penalty Kill - 3 Players Forward
Forward Time % Phy DF OF
1 Sam Bennett 60 1 2 2
2 Patrice Bergeron 40 1 2 2
Penalty Kill - 3 Players Defense
Defense Defense Time % Phy DF OF
1 John Carlson Michael Kostka 60 1 2 2
2 Victor Hedman Shayne Gostisbehere 40 1 2 2
4 vs 4 Forward
Center Wing Time % Phy DF OF
1 Yanni Gourde Kasperi Kapanen 60 1 2 2
2 Jack Roslovic Brendan Lemieux 40 1 2 2
4 vs 4 Defense
Defense Defense Time % Phy DF OF
1 John Carlson Jakob Chychrun 60 1 2 2
2 Victor Hedman Shayne Gostisbehere 40 1 2 2
Last Minutes Offensive
Center Left Wing Right Wing Defense Defense
Yanni Gourde Brendan Lemieux Kasperi Kapanen John Carlson Jakob Chychrun
Last Minutes Defensive
Center Left Wing Right Wing Defense Defense
Yanni Gourde Brendan Lemieux Tyler Kennedy John Carlson Michael Kostka
Goaltenders
Starting : Alex Nedeljkovic
Backup : Marc-André Fleury
Extra Forwards
Normal : Sam Bennett, Jack Roslovic, Brock Boeser - PP : Sam Bennett, Jack Roslovic - PK : Brock Boeser
Extra Defensemen
Normal : Noah Hanifin, Jakob Chychrun, Victor Hedman - PP : Noah Hanifin - PK : Jakob Chychrun, Victor Hedman
Penalty Shots
Kasperi Kapanen, Yanni Gourde, Brendan Lemieux, Patrice Bergeron, Sam Bennett
Custom OT Lines Forwards
Kasperi Kapanen, Yanni Gourde, Brendan Lemieux, Patrice Bergeron, Sam Bennett, Tyler Kennedy, Jimmy Vesey, Jack Roslovic, Brock Boeser, Jesper Fast
Custom OT Lines Defensemen
John Carlson, Michael Kostka, Victor Hedman, Shayne Gostisbehere, Noah Hanifin
Scratches
None
Canucks
5 vs 5 Forward
Center Left Wing Right Wing Time % Phy DF OF
1 Alexander Kerfoot J.T. Miller Denis Gurianov 55 0 0 5
2 Robert Nilsson Jeremy Morin Alex Tuch 30 1 2 2
3 Gilbert Brule Chris Bourque Ilya Kovalchuk 10 1 2 2
4 Derek Roy Teemu Hartikainen Lawson Crouse 5 1 2 2
5 vs 5 Defense
Defense Defense Time % Phy DF OF
1 Oliver Ekman-Larsson Tony DeAngelo 50 1 2 2
2 Tyler Myers Travis Hamonic 30 1 2 2
3 PK Subban Brent Seabrook 15 1 2 2
4 Oliver Ekman-Larsson Tony DeAngelo 5 1 2 2
PowerPlay Forward
Center Left Wing Right Wing Time % Phy DF OF
1 Alexander Kerfoot J.T. Miller Denis Gurianov 60 1 2 2
2 Robert Nilsson Jeremy Morin Alex Tuch 40 1 2 2
PowerPlay Defense
Defense Defense Time % Phy DF OF
1 Oliver Ekman-Larsson Tony DeAngelo 60 1 2 2
2 PK Subban Travis Hamonic 40 1 2 2
Penalty Kill 4 Players Forward
Center Wing Time % Phy DF OF
1 Alexander Kerfoot J.T. Miller 60 1 2 2
2 Robert Nilsson Ilya Kovalchuk 40 1 2 2
Penalty Kill 4 Players Defense
Defense Defense Time % Phy DF OF
1 Oliver Ekman-Larsson Tyler Myers 60 1 2 2
2 Tony DeAngelo Brent Seabrook 40 1 2 2
Penalty Kill - 3 Players Forward
Forward Time % Phy DF OF
1 Robert Nilsson 60 1 2 2
2 Derek Roy 40 1 2 2
Penalty Kill - 3 Players Defense
Defense Defense Time % Phy DF OF
1 Oliver Ekman-Larsson Tyler Myers 60 1 2 2
2 Travis Hamonic Brent Seabrook 40 1 2 2
4 vs 4 Forward
Center Wing Time % Phy DF OF
1 Alexander Kerfoot J.T. Miller 60 1 2 2
2 Robert Nilsson Chris Bourque 40 1 2 2
4 vs 4 Defense
Defense Defense Time % Phy DF OF
1 Oliver Ekman-Larsson Tyler Myers 60 1 2 2
2 Tony DeAngelo Brent Seabrook 40 1 2 2
Last Minutes Offensive
Center Left Wing Right Wing Defense Defense
Alexander Kerfoot J.T. Miller Denis Gurianov Oliver Ekman-Larsson Tony DeAngelo
Last Minutes Defensive
Center Left Wing Right Wing Defense Defense
Robert Nilsson J.T. Miller Denis Gurianov Oliver Ekman-Larsson Tony DeAngelo
Goaltenders
Starting : Petr Mrazek
Backup : Matt Hackett
Extra Forwards
Normal : Gilbert Brule, Chris Bourque, Alex Tuch - PP : Gilbert Brule, Chris Bourque - PK : Gilbert Brule
Extra Defensemen
Normal : Brent Seabrook, PK Subban, Tony DeAngelo - PP : Brent Seabrook - PK : Brent Seabrook, PK Subban
Penalty Shots
J.T. Miller, Robert Nilsson, Derek Roy, Ilya Kovalchuk, Gilbert Brule
Custom OT Lines Forwards
J.T. Miller, Robert Nilsson, Derek Roy, Ilya Kovalchuk, Gilbert Brule, Chris Bourque, Alex Tuch, Jeremy Morin, Alexander Kerfoot, Lawson Crouse
Custom OT Lines Defensemen
Oliver Ekman-Larsson, Travis Hamonic, Tyler Myers, Brent Seabrook, PK Subban
Scratches
None
% Time on Ice - Lightning
Lines # - Real PCT - Wanted PCT - Time Play
Normal Forward
1 - 36% - 40% - 17:25
2 - 27% - 30% - 13:08
3 - 23% - 20% - 10:54
4 - 14% - 10% - 6:56
Normal Defense
1 - 36% - 40% - 17:34
2 - 33% - 30% - 15:49
3 - 26% - 20% - 12:48
4 - 5% - 10% - 2:12
PP Forward
1 - 52% - 60% - 3:50
2 - 48% - 40% - 3:33
PP Defense
1 - 63% - 60% - 4:40
2 - 37% - 40% - 2:43
PK Forward
1 - 71% - 60% - 2:38
2 - 29% - 40% - 1:03
PK Defense
1 - 52% - 60% - 1:56
2 - 48% - 40% - 1:45
PK3 Forward
1 - 0% - 60%
2 - 0% - 40%
PK3 Defense
1 - 0% - 60%
2 - 0% - 40%
44 Forward
1 - 100% - 60% - 0:33
2 - 0% - 40% - 0:00
44 Defense
1 - 100% - 60% - 0:33
2 - 0% - 40% - 0:00
Last Minute Offensive - 0:00
Last Minute Defensive - 0:00
Total
Forward - 60:00
Defense - 60:00
|
% Time on Ice - Canucks
Lines # - Real PCT - Wanted PCT - Time Play
Normal Forward
1 - 35% - 55% - 16:27
2 - 31% - 30% - 14:55
3 - 19% - 10% - 9:06
4 - 15% - 5% - 6:58
Normal Defense
1 - 43% - 50% - 20:32
2 - 34% - 30% - 16:04
3 - 22% - 15% - 10:26
4 - 1% - 5% - 0:24
PP Forward
1 - 62% - 60% - 2:18
2 - 38% - 40% - 1:23
PP Defense
1 - 69% - 60% - 2:33
2 - 31% - 40% - 1:08
PK Forward
1 - 72% - 60% - 5:18
2 - 28% - 40% - 2:05
PK Defense
1 - 60% - 60% - 4:27
2 - 40% - 40% - 2:56
PK3 Forward
1 - 0% - 60%
2 - 0% - 40%
PK3 Defense
1 - 0% - 60%
2 - 0% - 40%
44 Forward
1 - 100% - 60% - 0:33
2 - 0% - 40% - 0:00
44 Defense
1 - 100% - 60% - 0:33
2 - 0% - 40% - 0:00
Last Minute Offensive - 0:00
Last Minute Defensive - 0:57
Total
Forward - 60:00
Defense - 60:00
|
Play-by-Play
1st period
0:01 of 1st period - Yanni Gourde wins face-off versus Alexander Kerfoot in neutral zone.
0:08 of 1st period - Wrist shot by Yanni Gourde.
0:08 of 1st period - Stopped by Petr Mrazek without a rebound.
0:09 of 1st period - Yanni Gourde wins face-off versus Alexander Kerfoot in Canucks zone.
0:24 of 1st period - Wrist shot by Yanni Gourde.
0:24 of 1st period - Stopped by Petr Mrazek without a rebound.
0:25 of 1st period - Robert Nilsson wins face-off versus Jack Roslovic in Canucks zone.
1:39 of 1st period - Victor Hedman is hit by Derek Roy and loses puck.
2:04 of 1st period - Slapshot by Jack Roslovic.
2:04 of 1st period - Stopped by Petr Mrazek with a rebound.
2:07 of 1st period - Icing by Alex Tuch.
2:08 of 1st period - Yanni Gourde wins face-off versus Robert Nilsson in Canucks zone.
2:45 of 1st period - Snap shot by J.T. Miller.
2:45 of 1st period - Deflect By Alexander Kerfoot.
2:45 of 1st period - Stopped by Alex Nedeljkovic without a rebound.
2:46 of 1st period - Jack Roslovic wins face-off versus Gilbert Brule in Lightning zone.
2:59 of 1st period - Wrist shot by Jack Roslovic.
2:59 of 1st period - Shot Misses the Net.
3:54 of 1st period - Patrice Bergeron is hit by Lawson Crouse and loses puck.
4:27 of 1st period - Snap shot by Chris Bourque.
4:27 of 1st period - Stopped by Alex Nedeljkovic with a rebound.
4:29 of 1st period - Backhand shot by Tyler Myers.
4:29 of 1st period - Stopped by Alex Nedeljkovic with a rebound.
4:47 of 1st period - Wrist shot by Alexander Kerfoot.
4:47 of 1st period - Shot Misses the Net.
4:49 of 1st period - Wrist shot by J.T. Miller.
4:49 of 1st period - Shot Blocked by Michael Kostka.
5:01 of 1st period - Michael Kostka is hit by Robert Nilsson.
5:18 of 1st period - Icing by Brent Seabrook.
5:19 of 1st period - Sam Bennett wins face-off versus Robert Nilsson in Canucks zone.
5:32 of 1st period - Slapshot by Shayne Gostisbehere.
5:32 of 1st period - Stopped by Petr Mrazek with a rebound.
5:34 of 1st period - Snap shot by Sam Bennett.
5:34 of 1st period - Goal by Sam Bennett - Lightning : 1 - Canucks : 0.
5:35 of 1st period - Alexander Kerfoot wins face-off versus Yanni Gourde in neutral zone.
5:46 of 1st period - Slapshot by J.T. Miller.
5:46 of 1st period - Stopped by Alex Nedeljkovic with a rebound.
5:48 of 1st period - Slapshot by Oliver Ekman-Larsson.
5:48 of 1st period - Stopped by Alex Nedeljkovic with a rebound.
5:50 of 1st period - Slapshot by Denis Gurianov.
5:50 of 1st period - Shot Blocked by Yanni Gourde.
6:08 of 1st period - Wrist shot by Jack Roslovic.
6:08 of 1st period - Shot Blocked by Oliver Ekman-Larsson.
7:11 of 1st period - Off-side.
7:12 of 1st period - Yanni Gourde wins face-off versus Alexander Kerfoot in neutral zone.
7:21 of 1st period - Snap shot by Brendan Lemieux.
7:21 of 1st period - Stopped by Petr Mrazek without a rebound.
7:22 of 1st period - Alexander Kerfoot wins face-off versus Yanni Gourde in Canucks zone.
7:33 of 1st period - Snap shot by J.T. Miller.
7:33 of 1st period - Goal by J.T. Miller - Lightning : 1 - Canucks : 1.
7:34 of 1st period - Kasperi Kapanen wins face-off versus Alexander Kerfoot in neutral zone.
9:13 of 1st period - Snap shot by Oliver Ekman-Larsson.
9:13 of 1st period - Stopped by Alex Nedeljkovic without a rebound.
9:14 of 1st period - Alexander Kerfoot wins face-off versus Jack Roslovic in Lightning zone.
9:31 of 1st period - Slapshot by Jack Roslovic.
9:31 of 1st period - Stopped by Petr Mrazek without a rebound.
9:32 of 1st period - Yanni Gourde wins face-off versus Robert Nilsson in Canucks zone.
9:59 of 1st period - Tyler Myers is hit by Brock Boeser and loses puck.
10:14 of 1st period - Noah Hanifin is hit by Travis Hamonic and loses puck.
10:36 of 1st period - Wrist shot by Chris Bourque.
10:36 of 1st period - Stopped by Alex Nedeljkovic without a rebound.
10:37 of 1st period - Yanni Gourde wins face-off versus Robert Nilsson in Lightning zone.
10:48 of 1st period - Snap shot by Brendan Lemieux.
10:48 of 1st period - Stopped by Petr Mrazek with a rebound.
10:50 of 1st period - Wrist shot by Kasperi Kapanen.
10:50 of 1st period - Stopped by Petr Mrazek with a rebound.
10:52 of 1st period - Slapshot by John Carlson.
10:52 of 1st period - Stopped by Petr Mrazek with a rebound.
11:02 of 1st period - Sam Bennett is hit by Tony DeAngelo.
11:12 of 1st period - Snap shot by Sam Bennett.
11:12 of 1st period - Shot Blocked by Tony DeAngelo.
11:39 of 1st period - Icing by Oliver Ekman-Larsson.
11:40 of 1st period - Patrice Bergeron wins face-off versus Gilbert Brule in Canucks zone.
11:41 of 1st period - Snap shot by Alex Killorn.
11:41 of 1st period - Shot Blocked by Tony DeAngelo.
12:23 of 1st period - John Carlson is hit by Denis Gurianov and loses puck.
12:48 of 1st period - Slapshot by Alex Tuch.
12:48 of 1st period - Shot Misses the Net.
13:32 of 1st period - Snap shot by Jack Roslovic.
13:32 of 1st period - Shot Blocked by Tyler Myers.
13:34 of 1st period - Wrist shot by Anthony Cirelli.
13:34 of 1st period - Goal by Anthony Cirelli - Lightning : 2 - Canucks : 1.
13:35 of 1st period - Alexander Kerfoot wins face-off versus Yanni Gourde in neutral zone.
14:10 of 1st period - Slapshot by Robert Nilsson.
14:10 of 1st period - Stopped by Alex Nedeljkovic with a rebound.
15:14 of 1st period - Snap shot by Brendan Lemieux.
15:14 of 1st period - Shot Misses the Net.
15:16 of 1st period - Slapshot by Jakob Chychrun.
15:16 of 1st period - Shot Misses the Net.
15:18 of 1st period - Slapshot by John Carlson.
15:18 of 1st period - Stopped by Petr Mrazek without a rebound.
15:19 of 1st period - Robert Nilsson wins face-off versus Yanni Gourde in Canucks zone.
15:46 of 1st period - Noah Hanifin is hit by Alexander Kerfoot and loses puck.
16:09 of 1st period - Sam Bennett is hit by Teemu Hartikainen and loses puck.
16:48 of 1st period - Jeremy Morin is hit by Shayne Gostisbehere.
16:52 of 1st period - Yanni Gourde is hit by Brent Seabrook and loses puck.
18:42 of 1st period - Slapshot by Jack Roslovic.
18:42 of 1st period - Shot Blocked by Oliver Ekman-Larsson.
19:27 of 1st period - Oliver Ekman-Larsson is hit by Sam Bennett and loses puck.
19:34 of 1st period - Denis Gurianov is hit by Sam Bennett.
19:38 of 1st period - J.T. Miller is hit by Sam Bennett and loses puck.
Goals for this period are 2 for Lightning vs 1 for Canucks.
Shots for this period are 12 for Lightning vs 9 for Canucks.
2nd period
0:01 of 2nd period - Yanni Gourde wins face-off versus Alexander Kerfoot in neutral zone.
0:04 of 2nd period - J.T. Miller is hit by Jakob Chychrun and loses puck.
1:05 of 2nd period - Snap shot by Alex Killorn.
1:05 of 2nd period - Stopped by Petr Mrazek without a rebound.
1:06 of 2nd period - Patrice Bergeron wins face-off versus Derek Roy in Canucks zone.
2:06 of 2nd period - Snap shot by Jimmy Vesey.
2:06 of 2nd period - Shot Blocked by Brent Seabrook.
2:20 of 2nd period - Slapshot by Jeremy Morin.
2:20 of 2nd period - Deflect By Chris Bourque.
2:20 of 2nd period - Shot Misses the Net.
2:20 of 2nd period - Puck is out of play.
2:21 of 2nd period - Gilbert Brule wins face-off versus Yanni Gourde in Lightning zone.
2:46 of 2nd period - Victor Hedman is hit by Alexander Kerfoot and loses puck.
3:12 of 2nd period - Victor Hedman is hit by Teemu Hartikainen and loses puck.
3:39 of 2nd period - Snap shot by Alex Tuch.
3:39 of 2nd period - Shot Misses the Net.
3:41 of 2nd period - Snap shot by Robert Nilsson.
3:41 of 2nd period - Shot Misses the Net.
3:59 of 2nd period - Wrist shot by Sam Bennett.
3:59 of 2nd period - Shot Misses the Net.
4:01 of 2nd period - Wrist shot by Tyler Kennedy.
4:01 of 2nd period - Shot Misses the Net.
4:03 of 2nd period - Slapshot by Michael Kostka.
4:03 of 2nd period - Stopped by Petr Mrazek without a rebound.
4:04 of 2nd period - Robert Nilsson wins face-off versus Yanni Gourde in Canucks zone.
4:04 of 2nd period - Robert Nilsson is hit by Kasperi Kapanen.
4:10 of 2nd period - Robert Nilsson is hit by Kasperi Kapanen and loses puck.
4:15 of 2nd period - Backhand shot by Kasperi Kapanen.
4:15 of 2nd period - Shot Misses the Net.
4:17 of 2nd period - Snap shot by John Carlson.
4:17 of 2nd period - Deflect By Yanni Gourde.
4:17 of 2nd period - Shot Misses the Net.
4:17 of 2nd period - Puck is out of play.
4:18 of 2nd period - Alexander Kerfoot wins face-off versus Yanni Gourde in Canucks zone.
4:23 of 2nd period - Snap shot by Denis Gurianov.
4:23 of 2nd period - Stopped by Alex Nedeljkovic with a rebound.
4:25 of 2nd period - Snap shot by Oliver Ekman-Larsson.
4:25 of 2nd period - Stopped by Alex Nedeljkovic without a rebound.
4:26 of 2nd period - Yanni Gourde wins face-off versus Alexander Kerfoot in Lightning zone.
4:39 of 2nd period - Slapshot by John Carlson.
4:39 of 2nd period - Stopped by Petr Mrazek without a rebound.
4:40 of 2nd period - Alexander Kerfoot wins face-off versus Yanni Gourde in Canucks zone.
4:51 of 2nd period - Slapshot by Denis Gurianov.
4:51 of 2nd period - Goal by Denis Gurianov - Lightning : 2 - Canucks : 2.
4:52 of 2nd period - Alexander Kerfoot wins face-off versus Yanni Gourde in neutral zone.
5:07 of 2nd period - Snap shot by J.T. Miller.
5:07 of 2nd period - Stopped by Alex Nedeljkovic with a rebound.
5:09 of 2nd period - Snap shot by J.T. Miller.
5:09 of 2nd period - Shot Blocked by Brendan Lemieux.
5:19 of 2nd period - Brock Boeser is hit by Robert Nilsson and loses puck.
5:26 of 2nd period - Snap shot by Jeremy Morin.
5:26 of 2nd period - Stopped by Alex Nedeljkovic with a rebound.
5:28 of 2nd period - Slapshot by Tyler Myers.
5:28 of 2nd period - Stopped by Alex Nedeljkovic with a rebound.
5:30 of 2nd period - Slapshot by Robert Nilsson.
5:30 of 2nd period - Shot Misses the Net.
5:50 of 2nd period - Wrist shot by Chris Bourque.
5:50 of 2nd period - Shot Misses the Net.
7:12 of 2nd period - Wrist shot by Ilya Kovalchuk.
7:12 of 2nd period - Shot Misses the Net.
7:14 of 2nd period - Snap shot by Chris Bourque.
7:14 of 2nd period - Stopped by Alex Nedeljkovic with a rebound.
7:16 of 2nd period - Wrist shot by Chris Bourque.
7:16 of 2nd period - Stopped by Alex Nedeljkovic with a rebound.
7:30 of 2nd period - Shayne Gostisbehere is hit by Alexander Kerfoot and loses puck.
7:50 of 2nd period - Off-side.
7:51 of 2nd period - Yanni Gourde wins face-off versus Robert Nilsson in neutral zone.
7:51 of 2nd period - Jakob Chychrun is hit by Tony DeAngelo and loses puck.
8:06 of 2nd period - Wrist shot by Kasperi Kapanen.
8:06 of 2nd period - Goal by Kasperi Kapanen - Lightning : 3 - Canucks : 2.
8:07 of 2nd period - J.T. Miller wins face-off versus Yanni Gourde in neutral zone.
8:09 of 2nd period - Minor Penalty to Oliver Ekman-Larsson for Hooking.
8:10 of 2nd period - Yanni Gourde wins face-off versus Alexander Kerfoot in Canucks zone.
8:25 of 2nd period - Off-side.
8:26 of 2nd period - Yanni Gourde wins face-off versus Alexander Kerfoot in neutral zone.
10:09 of 2nd period - Penalty to Oliver Ekman-Larsson is over, Oliver Ekman-Larsson is back on ice.
10:22 of 2nd period - Jimmy Vesey is hit by Alex Tuch and loses puck.
11:21 of 2nd period - Tyler Myers is hit by Tyler Kennedy and loses puck.
11:43 of 2nd period - Wrist shot by Derek Roy.
11:43 of 2nd period - Stopped by Alex Nedeljkovic with a rebound.
12:33 of 2nd period - Shayne Gostisbehere is hit by Gilbert Brule and loses puck.
12:40 of 2nd period - Wrist shot by Ilya Kovalchuk.
12:40 of 2nd period - Stopped by Alex Nedeljkovic with a rebound.
12:42 of 2nd period - Wrist shot by Chris Bourque.
12:42 of 2nd period - Stopped by Alex Nedeljkovic without a rebound.
12:43 of 2nd period - Yanni Gourde wins face-off versus Alexander Kerfoot in Lightning zone.
13:02 of 2nd period - Tony DeAngelo is hit by Yanni Gourde and loses puck.
13:21 of 2nd period - Snap shot by Ilya Kovalchuk.
13:21 of 2nd period - Shot Hit the Post.
13:33 of 2nd period - Snap shot by Yanni Gourde.
13:33 of 2nd period - Deflect By Brendan Lemieux.
13:33 of 2nd period - Stopped by Petr Mrazek with a rebound.
13:35 of 2nd period - Wrist shot by Michael Kostka.
13:35 of 2nd period - Deflect By Gilbert Brule.
13:35 of 2nd period - Stopped by Petr Mrazek with a rebound.
13:37 of 2nd period - Wrist shot by Yanni Gourde.
13:37 of 2nd period - Stopped by Petr Mrazek with a rebound.
13:39 of 2nd period - Snap shot by Yanni Gourde.
13:39 of 2nd period - Shot Misses the Net.
13:41 of 2nd period - Wrist shot by Brendan Lemieux.
13:41 of 2nd period - Shot Misses the Net.
13:43 of 2nd period - Snap shot by Kasperi Kapanen.
13:43 of 2nd period - Stopped by Petr Mrazek with a rebound.
13:57 of 2nd period - Snap shot by Kasperi Kapanen.
13:57 of 2nd period - Stopped by Petr Mrazek with a rebound.
13:59 of 2nd period - Slapshot by Brendan Lemieux.
13:59 of 2nd period - Shot Blocked by Travis Hamonic.
14:01 of 2nd period - Snap shot by Brendan Lemieux.
14:01 of 2nd period - Shot Misses the Net.
14:06 of 2nd period - Minor Penalty to Ilya Kovalchuk for Hooking.
14:07 of 2nd period - Jack Roslovic wins face-off versus Alexander Kerfoot in Canucks zone.
16:06 of 2nd period - Penalty to Ilya Kovalchuk is over, Ilya Kovalchuk is back on ice.
16:24 of 2nd period - Backhand shot by Jack Roslovic.
16:24 of 2nd period - Stopped by Petr Mrazek without a rebound.
16:25 of 2nd period - Derek Roy wins face-off versus Sam Bennett in Canucks zone.
16:37 of 2nd period - Slapshot by Shayne Gostisbehere.
16:37 of 2nd period - Stopped by Petr Mrazek without a rebound.
16:38 of 2nd period - Yanni Gourde wins face-off versus Alexander Kerfoot in Canucks zone.
16:57 of 2nd period - Brendan Lemieux is hit by Denis Gurianov and loses puck.
18:10 of 2nd period - Wrist shot by Tyler Kennedy.
18:10 of 2nd period - Shot Blocked by Oliver Ekman-Larsson.
18:26 of 2nd period - Snap shot by Jeremy Morin.
18:26 of 2nd period - Stopped by Alex Nedeljkovic without a rebound.
18:27 of 2nd period - Robert Nilsson wins face-off versus Kasperi Kapanen in Lightning zone.
18:28 of 2nd period - Snap shot by Jeremy Morin.
18:28 of 2nd period - Deflect By Robert Nilsson.
18:28 of 2nd period - Stopped by Alex Nedeljkovic without a rebound.
18:29 of 2nd period - Alexander Kerfoot wins face-off versus Yanni Gourde in Lightning zone.
19:28 of 2nd period - Backhand shot by Patrice Bergeron.
19:28 of 2nd period - Shot Misses the Net.
19:30 of 2nd period - Wrist shot by Jesper Fast.
19:30 of 2nd period - Shot Misses the Net.
Goals for this period are 1 for Lightning vs 1 for Canucks.
Shots for this period are 11 for Lightning vs 13 for Canucks.
3rd period
0:01 of 3rd period - Yanni Gourde wins face-off versus Alexander Kerfoot in neutral zone.
0:27 of 3rd period - Tony DeAngelo is hit by Sam Bennett.
0:37 of 3rd period - Snap shot by Jeremy Morin.
0:37 of 3rd period - Shot Misses the Net.
1:28 of 3rd period - Snap shot by J.T. Miller.
1:28 of 3rd period - Stopped by Alex Nedeljkovic without a rebound.
1:29 of 3rd period - Sam Bennett wins face-off versus Alexander Kerfoot in Lightning zone.
1:38 of 3rd period - Snap shot by J.T. Miller.
1:38 of 3rd period - Stopped by Alex Nedeljkovic without a rebound.
1:39 of 3rd period - Sam Bennett wins face-off versus Alexander Kerfoot in Lightning zone.
1:56 of 3rd period - Wrist shot by Tyler Kennedy.
1:56 of 3rd period - Stopped by Petr Mrazek without a rebound.
1:57 of 3rd period - Yanni Gourde wins face-off versus Robert Nilsson in Canucks zone.
2:02 of 3rd period - Slapshot by Yanni Gourde.
2:02 of 3rd period - Stopped by Petr Mrazek with a rebound.
2:31 of 3rd period - Minor Penalty to John Carlson for High sticking.
2:32 of 3rd period - Yanni Gourde wins face-off versus Alexander Kerfoot in Lightning zone.
2:40 of 3rd period - Jakob Chychrun is hit by Alexander Kerfoot and loses puck.
2:45 of 3rd period - Wrist shot by Alexander Kerfoot.
2:45 of 3rd period - Shot Blocked by Michael Kostka.
2:47 of 3rd period - Wrist shot by J.T. Miller.
2:47 of 3rd period - Goal by J.T. Miller - Lightning : 3 - Canucks : 3.
2:48 of 3rd period - Alexander Kerfoot wins face-off versus Yanni Gourde in neutral zone.
2:59 of 3rd period - Snap shot by J.T. Miller.
2:59 of 3rd period - Goal by J.T. Miller - Lightning : 3 - Canucks : 4.
3:00 of 3rd period - Yanni Gourde wins face-off versus Alexander Kerfoot in neutral zone.
3:09 of 3rd period - Wrist shot by Yanni Gourde.
3:09 of 3rd period - Shot Misses the Net.
3:11 of 3rd period - Slapshot by Yanni Gourde.
3:11 of 3rd period - Stopped by Petr Mrazek with a rebound.
3:16 of 3rd period - Minor Penalty to Tony DeAngelo for High sticking.
3:17 of 3rd period - Yanni Gourde wins face-off versus Alexander Kerfoot in Canucks zone.
4:10 of 3rd period - Kasperi Kapanen is hit by Robert Nilsson and loses puck.
4:39 of 3rd period - Anthony Cirelli is hit by Alexander Kerfoot and loses puck.
5:16 of 3rd period - Penalty to Tony DeAngelo is over, Tony DeAngelo is back on ice.
5:23 of 3rd period - Snap shot by Jimmy Vesey.
5:23 of 3rd period - Shot Misses the Net.
5:25 of 3rd period - Slapshot by Jakob Chychrun.
5:25 of 3rd period - Goal by Jakob Chychrun - Lightning : 4 - Canucks : 4.
5:26 of 3rd period - Jack Roslovic wins face-off versus Robert Nilsson in neutral zone.
5:43 of 3rd period - Slapshot by Travis Hamonic.
5:43 of 3rd period - Shot Misses the Net.
6:41 of 3rd period - Slapshot by Patrice Bergeron.
6:41 of 3rd period - Shot Blocked by Brent Seabrook.
6:43 of 3rd period - Slapshot by John Carlson.
6:43 of 3rd period - Shot Blocked by PK Subban.
7:05 of 3rd period - Wrist shot by Jack Roslovic.
7:05 of 3rd period - Stopped by Petr Mrazek without a rebound.
7:06 of 3rd period - Alexander Kerfoot wins face-off versus Yanni Gourde in Canucks zone.
7:15 of 3rd period - Snap shot by Alexander Kerfoot.
7:15 of 3rd period - Shot Misses the Net.
7:17 of 3rd period - Snap shot by Tony DeAngelo.
7:17 of 3rd period - Stopped by Alex Nedeljkovic with a rebound.
8:25 of 3rd period - Wrist shot by Chris Bourque.
8:25 of 3rd period - Stopped by Alex Nedeljkovic without a rebound.
8:26 of 3rd period - Jack Roslovic wins face-off versus Alexander Kerfoot in Lightning zone.
8:28 of 3rd period - Minor Penalty to Brock Boeser for Interference.
8:29 of 3rd period - Alexander Kerfoot wins face-off versus Yanni Gourde in Lightning zone.
8:55 of 3rd period - Brendan Lemieux is hit by Tony DeAngelo and loses puck.
9:20 of 3rd period - Shayne Gostisbehere is hit by PK Subban and loses puck.
9:39 of 3rd period - Slapshot by Shayne Gostisbehere.
9:39 of 3rd period - Stopped by Petr Mrazek with a rebound.
9:41 of 3rd period - Backhand shot by Shayne Gostisbehere.
9:41 of 3rd period - Stopped by Petr Mrazek without a rebound.
9:42 of 3rd period - Sam Bennett wins face-off versus Robert Nilsson in Canucks zone.
9:54 of 3rd period - Minor Penalty to Robert Nilsson for Holding Stick.
9:55 of 3rd period - Alexander Kerfoot wins face-off versus Yanni Gourde in Canucks zone.
10:01 of 3rd period - Snap shot by J.T. Miller.
10:01 of 3rd period - Deflect By Alexander Kerfoot.
10:01 of 3rd period - Stopped by Alex Nedeljkovic without a rebound.
10:02 of 3rd period - Alexander Kerfoot wins face-off versus Yanni Gourde in Lightning zone.
10:15 of 3rd period - Wrist shot by J.T. Miller.
10:15 of 3rd period - Goal by J.T. Miller - Lightning : 4 - Canucks : 5.
10:16 of 3rd period - Alexander Kerfoot wins face-off versus Yanni Gourde in neutral zone.
10:28 of 3rd period - Penalty to Brock Boeser is over, Brock Boeser is back on ice.
10:45 of 3rd period - Slapshot by Jakob Chychrun.
10:45 of 3rd period - Shot Misses the Net.
10:47 of 3rd period - Slapshot by John Carlson.
10:47 of 3rd period - Stopped by Petr Mrazek without a rebound.
10:48 of 3rd period - Jack Roslovic wins face-off versus Alexander Kerfoot in Canucks zone.
11:03 of 3rd period - Slapshot by Shayne Gostisbehere.
11:03 of 3rd period - Stopped by Petr Mrazek with a rebound.
11:54 of 3rd period - Penalty to Robert Nilsson is over, Robert Nilsson is back on ice.
12:15 of 3rd period - Jakob Chychrun is hit by Robert Nilsson and loses puck.
12:32 of 3rd period - Slapshot by Derek Roy.
12:32 of 3rd period - Shot Blocked by Shayne Gostisbehere.
12:34 of 3rd period - Slapshot by PK Subban.
12:34 of 3rd period - Stopped by Alex Nedeljkovic without a rebound.
12:35 of 3rd period - Derek Roy wins face-off versus Jack Roslovic in Lightning zone.
12:47 of 3rd period - Minor Penalty to Brock Boeser for Holding.
12:48 of 3rd period - Yanni Gourde wins face-off versus Alexander Kerfoot in Lightning zone.
13:02 of 3rd period - Wrist shot by Alexander Kerfoot.
13:02 of 3rd period - Shot Misses the Net.
13:04 of 3rd period - Snap shot by J.T. Miller.
13:04 of 3rd period - Shot Misses the Net.
14:16 of 3rd period - J.T. Miller is hit by Sam Bennett and loses puck.
14:25 of 3rd period - Wrist shot by Sam Bennett.
14:25 of 3rd period - Stopped by Petr Mrazek with a rebound.
14:27 of 3rd period - Snap shot by Tyler Kennedy.
14:27 of 3rd period - Stopped by Petr Mrazek with a rebound.
14:29 of 3rd period - Snap shot by Sam Bennett.
14:29 of 3rd period - Shot Misses the Net.
14:47 of 3rd period - Penalty to Brock Boeser is over, Brock Boeser is back on ice.
15:00 of 3rd period - Wrist shot by Jack Roslovic.
15:00 of 3rd period - Shot Blocked by J.T. Miller.
15:17 of 3rd period - Tony DeAngelo is hit by John Carlson and loses puck.
15:28 of 3rd period - Tony DeAngelo is hit by Jack Roslovic and loses puck.
15:51 of 3rd period - Snap shot by Jeremy Morin.
15:51 of 3rd period - Stopped by Alex Nedeljkovic with a rebound.
16:02 of 3rd period - Tony DeAngelo is hit by Yanni Gourde and loses puck.
16:35 of 3rd period - Snap shot by Jesper Fast.
16:35 of 3rd period - Stopped by Petr Mrazek without a rebound.
16:36 of 3rd period - Sam Bennett wins face-off versus Gilbert Brule in Canucks zone.
16:43 of 3rd period - Jimmy Vesey is hit by Ilya Kovalchuk.
17:29 of 3rd period - Slapshot by Brock Boeser.
17:29 of 3rd period - Shot Blocked by Tyler Myers.
17:31 of 3rd period - Slapshot by Shayne Gostisbehere.
17:31 of 3rd period - Stopped by Petr Mrazek with a rebound.
17:33 of 3rd period - Wrist shot by Anthony Cirelli.
17:33 of 3rd period - Stopped by Petr Mrazek with a rebound.
18:46 of 3rd period - Icing by Denis Gurianov.
18:47 of 3rd period - Gilbert Brule wins face-off versus Yanni Gourde in Canucks zone.
19:02 of 3rd period - Icing by Yanni Gourde.
19:03 of 3rd period - Yanni Gourde wins face-off versus Robert Nilsson in Lightning zone.
19:30 of 3rd period - Wrist shot by Robert Nilsson.
19:30 of 3rd period - Stopped by Alex Nedeljkovic with a rebound.
19:32 of 3rd period - Slapshot by PK Subban.
19:32 of 3rd period - Stopped by Alex Nedeljkovic with a rebound.
19:34 of 3rd period - Snap shot by Robert Nilsson.
19:34 of 3rd period - Shot Misses the Net.
Goals for this period are 1 for Lightning vs 3 for Canucks.
Shots for this period are 14 for Lightning vs 12 for Canucks.
Output by the SimonT Hockey Simulator (STHS) for Francois Prevost